 Dungeon Sprint DCSS version 0.27-a0-95-g5a9077b8ae (webtiles) character file.

Game seed: 3525388499797616164

8319 mhtbhm the Fencer (level 11, -7/112 HPs)
             Began as a Red Draconian Berserker on Jan 19, 2021.
             Was the Champion of Trog.
             Mangled by an orc warrior
             ... wielding a +0 trident
              (11 damage)
             ... in the Dungeon (Sprint IX: "|||||||||||||||||||||||||||||").
             The game lasted 00:03:09 (2243 turns).

mhtbhm the Fencer (Red Draconian Berserker)         Turns: 2243, Time: 00:03:10

Health: -7/112     AC: 11    Str: 22    XL:     11   Next: 8%
Magic:  11/11      EV: 17    Int: 12    God:    Trog [******]
Gold:   682        SH:  0    Dex: 10    Spells: 10/10 levels left

rFire    + . .     SeeInvis .   a - +4 triple sword (flame)
rCold    . . .     Faith    .   (shield currently unavailable)
rNeg     . . .     Spirit   .   (armour unavailable)
rPois    .         Reflect  .   (helmet restricted)
rElec    .         Harm     .   r - +0 cloak
rCorr    .         Rampage  .   k - +0 pair of gloves
Will     .....     NoTele   +   (no boots)
Stlth    +++.......             (no amulet)
HPRegen  0.28/turn              l - +3 ring of intelligence
MPRegen  0.12/turn              m - +2 ring of protection

@: berserk cooldown, slowed, very slow
A: breathe fire, unfitting armour, fire resistance 1, cold-blooded, AC +7
a: Breathe Fire, Renounce Religion, Berserk, Trog's Hand, Brothers in Arms


You were in the Dungeon.
You worshipped Trog.
Trog was exalted by your worship.
You visited 1 branch You collected 682 gold pieces.

Inventory:

Hand Weapons
 a - a +4 triple sword of flaming (weapon)
Armour
 k - a +0 pair of gloves (worn)
 r - a +0 cloak (worn)
Jewellery
 l - a +3 ring of intelligence (left hand)
 m - a +2 ring of protection (right hand)
Wands
 j - a wand of acid (9)
Scrolls
 g - 4 scrolls of blinking
 i - 3 scrolls of remove curse
 o - a scroll of fear
 p - 2 scrolls of identify
 q - a scroll of fog
Potions
 b - 7 potions of curing
 c - 7 potions of heal wounds
 d - a potion of haste
 e - 4 potions of magic
 f - a potion of berserk rage
 h - a potion of invisibility
 n - a potion of might


   Skills:
 + Level 15.2 Fighting
 + Level 17.2 Long Blades
 + Level 12.0 Dodging
 + Level 7.1 Stealth
 + Level 0.4 Evocations


You had 10 spell levels left.
You didn't know any spells.
Your spell library was empty.

Dungeon Overview and Level Annotations

Branches:
Dungeon (1/1)

Altars:
Cheibriados
Dithmenos
Elyvilon
Fedhas
Gozag
Hepliaklqana
Kikubaaqudgha
Makhleb
Nemelex Xobeh
Okawaru
Qazlal
Ru
Sif Muna
Trog
Uskayaw
Vehumet
Wu Jian
Xom
Yredelemnul
Zin
The Shining One
Beogh
Jiyva
Lugonu


Innate Abilities, Weirdness & Mutations

You can breathe blasts of fire.
Your fiery red scales are hard. (AC +7)
You cannot fit into any form of body armour.
Your flesh is heat resistant. (rF+)
You are cold-blooded and may be slowed by cold attacks.


Message History

You hit the orc warrior. You burn the orc warrior.
The orc warrior is severely wounded.
The orc warrior no longer looks unusually strong.
The orc warrior misses you. The orc warrior closely misses you.
You barely miss the orc warrior.
The orc warrior is severely wounded.
The orc warrior barely misses you. The orc warrior misses you.
The orc warrior hits you from afar with a +0 trident!
* * * LOW HITPOINT WARNING * * *
You closely miss the orc warrior.
The orc warrior is severely wounded.
The orc warrior barely misses you.
The orc warrior hits you from afar with a +0 trident.
* * * LOW HITPOINT WARNING * * *
You barely miss the orc warrior.
The orc warrior is severely wounded.
The orc warrior hits you with a +0 battleaxe!!
* * * LOW HITPOINT WARNING * * *
The orc warrior hits you from afar with a +0 trident!
You die...

▓.▓.▓.▓_▓
▓.▓.▓.▓.▓_▓
▓.▓.▓.▓.▓_▓
▓.▓.▓.▓.▓_▓
▓.▓.▓.▓.▓_▓
▓o▓.▓.▓.▓_▓
▓o▓.▓.▓.▓_▓
▓o▓.▓.▓.▓_▓
▓@▓.▓)▓.▓_▓
▓)▓.▓.▓.▓_▓
▓)▓.▓.▓.▓_▓
▓)▓.▓.▓.▓_▓
▓'▓.▓.▓.▓_▓
▓.▓.▓.▓.▓_▓
▓.▓.▓.▓.▓_▓
▓.▓.▓.▓.▓_▓
▓.▓.▓.▓.▓_▓


You could see 3 orc warriors.

Vanquished Creatures
  2 hydras (D)
  A two-headed ogre (D)
  An orc knight (D)
  2 black mambas (D)
  3 cane toads (D)
  2 komodo dragons (D)
  4 polar bears (D)
  A blink frog (D)
  A yak (D)
  3 wyverns (D)
  2 basilisks (D)
  A vampire mosquito (D)
  An acid dragon (D)
  2 water moccasins (D)
  5 black bears (D)
  5 orc warriors (D)
  A centaur (D)
  2 bullfrogs (D)
  A scorpion (D)
  A killer bee (D)
  6 orc priests (D)
  A jelly (D)
  4 orc wizards (D)
  An adder (D)
  A white imp (D)
  An adder skeleton (D)
  8 orcs (D)
  A bat (D)
  A hobgoblin (D)
  2 frilled lizards (D)
  2 quokka skeletons (D)
  A rat (D)
70 creatures vanquished.

Notes
Turn   | Place    | Note
-------+----------+-------------------------------------------
     0 | D        | mhtbhm the Draconian Berserker began the quest for the Orb.
     0 | D        | Reached XP level 1. HP: 19/19 MP: 1/1
    16 | D        | Reached ** piety under Trog
   306 | D        | Noticed a scorpion
   317 | D        | Reached skill level 4 in Long Blades
   317 | D        | Reached XP level 2. HP: 8/27 MP: 2/2
   318 | D        | Killed a scorpion
   318 | D        | Reached *** piety under Trog
   319 | D        | Reached skill level 5 in Fighting
   319 | D        | Reached skill level 5 in Long Blades
   319 | D        | Reached XP level 3. HP: 11/36 MP: 3/3
   320 | D        | Reached skill level 1 in Stealth
   320 | D        | Reached XP level 4. HP: 13/42 MP: 4/4
   328 | D        | Found a roughly hewn altar of Beogh.
   328 | D        | Found a snail-covered altar of Cheibriados.
   328 | D        | Found a shadowy altar of Dithmenos.
   328 | D        | Found a white marble altar of Elyvilon.
   328 | D        | Found a blossoming altar of Fedhas.
   328 | D        | Found an opulent altar of Gozag.
   329 | D        | Found a hazy altar of Hepliaklqana.
   330 | D        | Found a viscous altar of Jiyva.
   331 | D        | Found an ancient bone altar of Kikubaaqudgha.
   332 | D        | Found a corrupted altar of Lugonu.
   333 | D        | Found a burning altar of Makhleb.
   334 | D        | Found a sparkling altar of Nemelex Xobeh.
   335 | D        | Found an iron altar of Okawaru.
   336 | D        | Found a stormy altar of Qazlal.
   337 | D        | Found a sacrificial altar of Ru.
   338 | D        | Found a shimmering blue altar of Sif Muna.
   339 | D        | Found a bloodstained altar of Trog.
   340 | D        | Found a hide-covered altar of Uskayaw.
   341 | D        | Found a radiant altar of Vehumet.
   342 | D        | Found an ornate altar of the Wu Jian Council.
   343 | D        | Found a shimmering altar of Xom.
   344 | D        | Found a basalt altar of Yredelemnul.
   345 | D        | Found a glowing silver altar of Zin.
   346 | D        | Found a glowing golden altar of the Shining One.
   543 | D        | Noticed a bullfrog
   543 | D        | Noticed a water moccasin
   543 | D        | Noticed a yak
   543 | D        | Noticed a centaur
   545 | D        | Reached **** piety under Trog
   546 | D        | Reached skill level 6 in Long Blades
   546 | D        | Reached skill level 5 in Dodging
   551 | D        | Reached skill level 7 in Long Blades
   551 | D        | Reached XP level 5. HP: 51/51 MP: 5/5
   553 | D        | Killed a centaur
   557 | D        | Killed a yak
   558 | D        | Reached skill level 9 in Long Blades
   558 | D        | Reached XP level 6. HP: 62/62 MP: 6/6
   567 | D        | Killed a water moccasin
   569 | D        | Reached ***** piety under Trog
   570 | D        | Reached skill level 10 in Long Blades
   570 | D        | Your scales start taking on a fiery red colour.
   570 | D        | Reached XP level 7. HP: 31/70 MP: 7/7
   570 | D        | Gained mutation: Your flesh is heat resistant. (rF+) [Red
                  | Draconian growth]
   763 | D        | Noticed a vampire mosquito
   763 | D        | Noticed a two-headed ogre
   772 | D        | Killed a two-headed ogre
   773 | D        | Reached skill level 10 in Fighting
   773 | D        | Reached skill level 12 in Long Blades
   773 | D        | Reached XP level 8. HP: 81/81 MP: 8/8
   990 | D        | Noticed a cane toad
   990 | D        | Noticed a cane toad
   990 | D        | Noticed a komodo dragon
   995 | D        | Noticed a komodo dragon
   998 | D        | Killed a komodo dragon
   998 | D        | Received a gift from Trog
   999 | D        | Reached skill level 13 in Long Blades
   999 | D        | Reached skill level 5 in Stealth
  1000 | D        | Reached XP level 9. HP: 89/89 MP: 9/9
  1000 | D        | Killed a cane toad
  1001 | D        | Reached skill level 10 in Dodging
  1002 | D        | Killed a cane toad
  1007 | D        | Killed a komodo dragon
  1008 | D        | Reached skill level 14 in Long Blades
  1013 | D        | Reached ****** piety under Trog
  1162 | D        | Noticed a six-headed hydra
  1162 | D        | Noticed a polar bear
  1162 | D        | Noticed a black mamba
  1162 | D        | Noticed a cane toad
  1162 | D        | Noticed a four-headed hydra
  1169 | D        | Killed an eight-headed hydra
  1170 | D        | Reached skill level 15 in Long Blades
  1171 | D        | Killed a black mamba
  1171 | D        | Received a gift from Trog
  1172 | D        | Reached XP level 10. HP: 101/101 MP: 10/10
  1172 | D        | Noticed a black mamba
  1174 | D        | Killed a cane toad
  1181 | D        | Killed a 13-headed hydra
  1186 | D        | Reached skill level 16 in Long Blades
  1187 | D        | Killed a black mamba
  1788 | D        | Received a gift from Trog
  1988 | D        | Received a gift from Trog
  2003 | D        | Received a gift from Trog
  2220 | D        | Noticed an orc knight
  2225 | D        | Reached skill level 17 in Long Blades
  2228 | D        | Reached skill level 15 in Fighting
  2230 | D        | Reached XP level 11. HP: 112/112 MP: 11/11
  2233 | D        | Received a gift from Trog
  2238 | D        | Killed an orc knight
  2243 | D        | HP: 4/112 [orc warrior/+0 battleaxe (23)]
  2243 | D        | Mangled by an orc warrior

Illustrated notes

Levels and vault maps discovered:
D:        linesprint [early_d, line_temple, items_1, d_10, items_2, lair_1,
          lair_end, items_3, orc_1, orc_end, items_4, d_15, swamp_1, shoals_1,
          snake_1, spider_1, d_20, vaults_1, items_5, swamp_end, shoals_end,
          snake_end, spider_end, vaults_end, d_27, items_6, zot_1, zot_end,
          crypt_end, forest_end, elf_end, slime_end, tomb_end, abyss_end,
          pan_hell_end]

Skill      XL: |  1  2  3  4  5  6  7  8  9 10 11 |
---------------+----------------------------------+-----
Dodging        | 3 4 5 7 9 10 11 12 | 12.0
Fighting       | 4 5 6 8 9 10 11 13 15 | 15.2
Long Blades    | 4 5 7 9 10 12 13 15 17 | 17.2
Stealth        | 1 3 4 5 6 7 |  7.1
Evocations     | |  0.4

Action                   |  1- 3 |  4- 6 |  7- 9 | 10-12 || total
-------------------------+-------+-------+-------+-------++-------
Melee: Falchion          |    31 |     2 |       |       ||    33
       Scimitar          |       |    23 |    36 |    69 ||   128
       Tailslap          |       |     3 |     6 |    13 ||    22
       Triple sword      |       |       |       |    28 ||    28
Invok: Berserk           |     1 |     1 |     3 |     2 ||     7
 Abil: Breathe Fire      |       |       |     3 |     2 ||     5
Evoke: Wand              |       |       |       |     1 ||     1
  Use: Potion            |       |       |       |     1 ||     1
Armor: Skin              |     8 |     2 |     4 |    19 ||    33
Dodge: Dodged            |    10 |    22 |    22 |    62 ||   116
       Rpst.: Falchion   |     2 |     1 |       |       ||     3
       Scimitar          |       |     5 |    10 |     9 ||    24
       Triple sword      |       |       |       |     2 ||     2

Table legend: (Time is in decaauts)
 A = Elapsed time spent in this place.
 B = Non-inter-level travel time spent in this place.
 C = Inter-level travel time spent in this place.
 D = Time resting spent in this place.
 E = Time spent auto-exploring this place.
 F = Levels seen in this place.
 G = Mean time per level.
                   A        B        C        D        E       F      G
               +--------+--------+--------+--------+--------+-----+--------+
         Total |   2260 |   2260 |      0 |   1592 |    205 |   1 | 2260.0 |
       Dungeon |   2260 |   2260 |      0 |   1592 |    205 |   1 | 2260.0 |
               +--------+--------+--------+--------+--------+-----+--------+

Top non-repeatable levels by time:
       D: 2260 daAuts
